 Dungeon Sprint DCSS version 0.27.0-1-g7a089689b8 (webtiles) character file.

Game seed: 802526009355590680

3400000 Papr the Axe Maniac (level 23, -62/219 HPs)
             Began as a Human Warper on Aug 1, 2021.
             Was the Champion of Makhleb.
             Annihilated by a destroyer (152 damage)
             ... in the Dungeon (Sprint VIII: "Arena of Blood").
             The game lasted 00:01:25 (34 turns).

Papr the Axe Maniac (Human Warper)                    Turns: 34, Time: 00:01:25

Health: -62/219    AC:  6    Str: 14    XL:     23   Next: 36%
Magic:  23/40      EV: 32    Int: 14    God:    Makhleb [******]
Gold:   0          SH:  0    Dex: 20    Spells: 43/43 levels left

rFire    . . .     SeeInvis .   i - +∞ Axe of Woe
rCold    . . .     Faith    .   (shield currently unavailable)
rNeg     . . .     Spirit   .   a - +0 leather armour
rPois    .         Reflect  .   (no helmet)
rElec    .         Harm     .   (no cloak)
rCorr    .         Rampage  .   (no gloves)
Will     +....     NoTele   +   (no boots)
Stlth    +++++.....             (no amulet)
HPRegen  0.46/turn              (no ring)
MPRegen  0.27/turn              (no ring)

@: no status effects
A: no striking features
a: Renounce Religion, Minor Destruction, Lesser Servant of Makhleb, Major
Destruction, Greater Servant of Makhleb


You were in the Dungeon.
You worshipped Makhleb.
Makhleb was exalted by your worship.
You visited 1 branch

Inventory:

Hand Weapons
 i - the +∞ Axe of Woe (weapon)
   (You found it in the Dungeon)
Missiles
 c - 5 boomerangs of dispersal (quivered)
Armour
 a - a +0 leather armour (worn)
Potions
 d - a potion of curing
 e - a potion of heal wounds
 f - a potion of haste
 g - 2 potions of magic
 h - a potion of berserk rage


   Skills:
 O Level 27 Fighting
 + Level 11.5(13.3) Short Blades
 + Level 11.5(13.3) Long Blades
 O Level 27 Axes
 + Level 11.5(21.8) Maces & Flails
 + Level 11.5(21.8) Polearms
 + Level 11.5(14.9) Staves
 + Level 11.5(13.4) Slings
 + Level 11.5 Bows
 + Level 11.5 Crossbows
 + Level 11.6(13.4) Throwing
 O Level 27 Armour
 O Level 27 Dodging
 + Level 12.4 Stealth
 + Level 11.5 Shields
 + Level 11.7 Unarmed Combat
 + Level 10.9 Spellcasting
 + Level 11.5 Conjurations
 + Level 11.5 Hexes
 + Level 11.5 Summonings
 + Level 11.5 Necromancy
 + Level 11.9 Translocations
 + Level 11.5 Transmutations
 + Level 11.5 Fire Magic
 + Level 11.5 Ice Magic
 + Level 11.5 Air Magic
 + Level 11.5 Earth Magic
 + Level 11.5 Poison Magic
 O Level 27 Invocations
 + Level 11.5 Evocations


You had 43 spell levels left.
You didn't know any spells.
Your spell library contained the following spells:

 Spells                   Type           Power      Damage    Failure   Level
 Blink                    Tloc           N/A        N/A       1%          2
 Gell's Gravitas          Tloc           20%        N/A       1%          3
 Lesser Beckoning         Tloc           20%        N/A       1%          3
 Teleport Other           Tloc           41%        N/A       1%          3
 Manifold Assault         Tloc           41%        N/A       1%          5


Dungeon Overview and Level Annotations

Branches:
Dungeon (1/1)

Altars:
Makhleb


Message History

You slice the bag of meat!!
You butcher the bag of meat messily.
You kill the bag of meat!
Makhleb accepts your kill.
You feel better.
You are engulfed in blazing flames.
You hear a shout! x5
A bag of meat comes into view. It is wielding a +9 war axe.
You hear a shout! x2
Your base Short Blades skill increases to level 11!
Your base Long Blades skill increases to level 11!
Your base Maces & Flails skill increases to level 11!
Your base Polearms skill increases to level 11!
Your base Staves skill increases to level 11!
Your base Slings skill increases to level 11!
Your Bows skill increases to level 11!
Your Crossbows skill increases to level 11!
Your Stealth skill increases to level 12!
Your Shields skill increases to level 11!
Your Conjurations skill increases to level 11!
Your Hexes skill increases to level 11!
Your Summonings skill increases to level 11!
Your Necromancy skill increases to level 11!
Your Transmutations skill increases to level 11!
Your Fire Magic skill increases to level 11!
Your Ice Magic skill increases to level 11!
Your Air Magic skill increases to level 11!
Your Earth Magic skill increases to level 11!
Your Poison Magic skill increases to level 11!
Your Evocations skill increases to level 11!
Unknown command.
A bag of meat comes into view. It is wielding a +9 war axe.
The meat berserker rages.
A bag of meat comes into view. It is wielding a +9 war axe.
The meat berserker hits you with a +9 battleaxe!!!
You hear a shout!
A bag of meat comes into view. It is wielding a +9 war axe.
You hear a shout!
The meat berserker is engulfed in blazing flames. x2
The destroyer hits you with a +9 vorpal great sword!!!!!
Ouch! That really hurt!
You die...

...Oo..o..o.oV.
...o.......o.#..o...#
.#....)))O....oo....#
.#.....§ooo..##.....#
)###....o.o.....V...#
O.oOoo...o.o###O....#
o.Oo......o.O.......#
#..ooo..#.#....V....#
#............o.O@..=#
#O.....#.#.#z..§§...#
).............O§OO..#
.o......#.#.#O.#§§..#
.###.... ....O#.....#
.# ......O.oo #oo..#
.# ..ooo.. .....# ..
.....o. o....# ...
..#.o.. ##..#


You could see 2 destroyers, a sculptor of flesh, a large bag of meat (inner
flame), 8 meat berserkers and 18 bags of meat.

Vanquished Creatures
  A vampire knight (D)
  6 ogres (D)
  A two-headed ogre (D)
  17 orcs (D)
25 creatures vanquished.

Notes
Turn   | Place    | Note
-------+----------+-------------------------------------------
     0 | D        | Found the +∞ Axe of Woe
     0 | D        | Papr the Human Warper began the quest for the Orb.
     0 | D        | Reached XP level 1. HP: 16/16 MP: 3/3
     3 | D        | Became a worshipper of Makhleb the Destroyer
     4 | D        | Noticed a bag of meat
     4 | D        | Noticed a bag of meat
     4 | D        | Noticed a bag of meat
     5 | D        | Noticed a bag of meat
     5 | D        | Noticed a bag of meat
     5 | D        | Noticed a bag of meat
     8 | D        | Killed a bag of meat
     8 | D        | Noticed a bag of meat
     8 | D        | Noticed a bag of meat
     9 | D        | Reached XP level 2. HP: 22/22 MP: 5/5
     9 | D        | Reached XP level 3. HP: 27/27 MP: 6/6
     9 | D        | Reached XP level 4. HP: 33/33 MP: 7/7
     9 | D        | Reached XP level 5. HP: 38/38 MP: 8/8
     9 | D        | Reached XP level 6. HP: 44/44 MP: 9/9
     9 | D        | Reached XP level 7. HP: 50/50 MP: 10/10
     9 | D        | Reached XP level 8. HP: 56/56 MP: 11/11
     9 | D        | Reached XP level 9. HP: 61/61 MP: 12/12
     9 | D        | Reached XP level 10. HP: 67/67 MP: 13/13
     9 | D        | Reached XP level 11. HP: 72/72 MP: 14/14
     9 | D        | Reached XP level 12. HP: 78/78 MP: 15/15
     9 | D        | Killed a bag of meat
     9 | D        | Reached * piety under Makhleb
     9 | D        | Noticed a bag of meat
     9 | D        | Noticed a bag of meat
    10 | D        | Reached skill level 27 in Axes
    10 | D        | Reached XP level 13. HP: 114/114 MP: 16/16
    11 | D        | Killed a bag of meat
    12 | D        | Reached XP level 14. HP: 135/135 MP: 17/17
    12 | D        | Noticed a meat berserker
    13 | D        | Killed a bag of meat
    13 | D        | Killed a bag of meat
    13 | D        | Reached ** piety under Makhleb
    13 | D        | Killed a bag of meat
    14 | D        | Reached skill level 27 in Fighting
    14 | D        | Reached XP level 15. HP: 159/159 MP: 18/18
    14 | D        | Reached XP level 16. HP: 167/167 MP: 19/19
    15 | D        | Noticed a meat berserker
    15 | D        | Noticed a meat berserker
    15 | D        | Noticed a large bag of meat
    16 | D        | Reached *** piety under Makhleb
    18 | D        | Killed a meat berserker
    19 | D        | Reached XP level 17. HP: 174/174 MP: 20/20
    20 | D        | Noticed a meat berserker
    21 | D        | Killed a meat berserker
    21 | D        | Noticed a large bag of meat
    21 | D        | Noticed a meat berserker
    22 | D        | Reached XP level 18. HP: 182/182 MP: 21/21
    22 | D        | Reached **** piety under Makhleb
    22 | D        | Killed a meat berserker
    22 | D        | Noticed a meat berserker
    23 | D        | Reached skill level 27 in Armour
    23 | D        | Reached skill level 27 in Dodging
    23 | D        | Reached XP level 19. HP: 189/189 MP: 21/27
    23 | D        | Noticed a large bag of meat
    23 | D        | Noticed a meat berserker
    23 | D        | Noticed a large bag of meat
    24 | D        | Noticed a meat berserker
    24 | D        | Noticed a destroyer
    24 | D        | Noticed a large bag of meat
    25 | D        | Killed a meat berserker
    25 | D        | Noticed a large bag of meat
    26 | D        | Noticed a meat berserker
    26 | D        | Noticed a meat berserker
    26 | D        | Noticed a destroyer
    27 | D        | Reached ***** piety under Makhleb
    27 | D        | Noticed a meat berserker
    28 | D        | Reached skill level 27 in Invocations
    28 | D        | Reached XP level 20. HP: 197/197 MP: 21/37
    28 | D        | Killed a meat berserker
    28 | D        | Noticed a destroyer
    29 | D        | Reached XP level 21. HP: 204/204 MP: 22/38
    29 | D        | Killed a meat berserker
    29 | D        | Killed a destroyer
    29 | D        | Noticed a destroyer
    30 | D        | Reached skill level 10 in Stealth
    30 | D        | Reached skill level 10 in Unarmed Combat
    30 | D        | Reached skill level 10 in Translocations
    30 | D        | Reached XP level 22. HP: 212/212 MP: 22/39
    30 | D        | Noticed a destroyer
    30 | D        | Noticed a meat berserker
    30 | D        | Noticed a meat berserker
    30 | D        | Noticed a meat berserker
    30 | D        | Noticed a meat berserker
    30 | D        | Noticed a large bag of meat
    30 | D        | Noticed a large bag of meat
    30 | D        | Noticed a meat berserker
    30 | D        | Noticed a destroyer
    31 | D        | Noticed a meat berserker
    31 | D        | Noticed a meat berserker
    31 | D        | Noticed a destroyer
    32 | D        | Reached ****** piety under Makhleb
    32 | D        | Killed a large bag of meat
    33 | D        | Reached skill level 10 in Short Blades
    33 | D        | Reached skill level 10 in Long Blades
    33 | D        | Reached skill level 10 in Maces & Flails
    33 | D        | Reached skill level 10 in Polearms
    33 | D        | Reached skill level 10 in Staves
    33 | D        | Reached skill level 10 in Slings
    33 | D        | Reached skill level 10 in Bows
    33 | D        | Reached skill level 10 in Crossbows
    33 | D        | Reached skill level 10 in Shields
    33 | D        | Reached skill level 10 in Spellcasting
    33 | D        | Reached skill level 10 in Conjurations
    33 | D        | Reached skill level 10 in Hexes
    33 | D        | Reached skill level 10 in Summonings
    33 | D        | Reached skill level 10 in Necromancy
    33 | D        | Reached skill level 10 in Transmutations
    33 | D        | Reached skill level 10 in Fire Magic
    33 | D        | Reached skill level 10 in Ice Magic
    33 | D        | Reached skill level 10 in Air Magic
    33 | D        | Reached skill level 10 in Earth Magic
    33 | D        | Reached skill level 10 in Poison Magic
    33 | D        | Reached skill level 10 in Evocations
    33 | D        | Reached XP level 23. HP: 120/219 MP: 23/40
    34 | D        | Annihilated by a destroyer

Illustrated notes

Levels and vault maps discovered:
D:        meatsprint

Skill      XL: |  1  2  3  4  5  6  7  8  9 10 11 12 13 14 15 16 17 18 19 20 21 22 23 |
---------------+----------------------------------------------------------------------+-----
Axes           | 25 27 | 27.0
Fighting       | 14 20 27 | 27.0
Armour         | 9 20 23 27 | 27.0
Dodging        | 9 20 23 27 | 27.0
Invocations    | 11 27 | 27.0
Short Blades   | 3 6 9 10 11 | 11.5
Long Blades    | 3 6 9 10 11 | 11.5
Maces & Flails | 3 6 9 10 11 | 11.5
Polearms       | 3 6 9 10 11 | 11.5
Staves         | 3 6 9 10 11 | 11.5
Slings         | 3 6 9 10 11 | 11.5
Bows           | 3 6 9 10 11 | 11.5
Crossbows      | 3 6 9 10 11 | 11.5
Throwing       | 3 6 9 11 | 11.6
Stealth        | 3 7 10 11 12 | 12.4
Shields        | 3 6 9 10 11 | 11.5
Unarmed Combat | 4 6 10 11 | 11.7
Spellcasting   | 3 6 9 10 | 10.9
Conjurations   | 3 6 9 10 11 | 11.5
Hexes          | 3 6 9 10 11 | 11.5
Summonings     | 3 6 9 10 11 | 11.5
Necromancy     | 3 6 9 10 11 | 11.5
Translocations | 4 7 10 11 | 11.9
Transmutations | 3 6 9 10 11 | 11.5
Fire Magic     | 3 6 9 10 11 | 11.5
Ice Magic      | 3 6 9 10 11 | 11.5
Air Magic      | 3 6 9 10 11 | 11.5
Earth Magic    | 3 6 9 10 11 | 11.5
Poison Magic   | 3 6 9 10 11 | 11.5
Evocations     | 3 6 9 10 11 | 11.5

Action                   |  1- 3 |  4- 6 |  7- 9 | 10-12 | 13-15 | 16-18 | 19-21 | 22-24 || total
-------------------------+-------+-------+-------+-------+-------+-------+-------+-------++-------
Melee: Executioner's axe |     1 |       |       |     1 |     2 |     4 |     4 |     2 ||    14
  Use: Scroll            |       |       |       |       |       |       |     1 |     1 ||     2
Dodge: Dodged            |       |       |       |       |       |     1 |     1 |       ||     2
